 Dungeon Crawl Stone Soup version 0.27.0-1-g7a089689b8 (webtiles) character file.

Game seed: 1106735523539841478

41 MisterFreud the Cudgeller (level 3, -3/23 HPs)
             Began as a Gargoyle Fighter on Aug 1, 2021.
             Slain by a gnoll (4 damage)
             ... on level 2 of the Dungeon.
             The game lasted 00:01:34 (1764 turns).

MisterFreud the Cudgeller (Gargoyle Fighter)        Turns: 1764, Time: 00:01:34

Health: -3/23      AC: 11    Str: 20    XL:     3   Next: 52%
Magic:  3/3        EV:  7    Int:  8    God:
Gold:   61         SH:  9    Dex:  9    Spells: 2/2 levels left

rFire    . . .     SeeInvis .   a - +0 flail
rCold    . . .     Faith    .   c - +0 kite shield
rNeg     + . .     Spirit   .   b - +0 scale mail
rPois    ∞         Reflect  .   (no helmet)
rElec    +         Harm     .   f - +0 cloak
rCorr    .         Rampage  .   (no gloves)
Will     .....                  (no boots)
Stlth    ..........             (no amulet)
HPRegen  0.07/turn              (no ring)
MPRegen  0.08/turn              (no ring)

@: no status effects
A: sickness immunity, AC +3, negative energy resistance 1, electricity
resistance, torment resistance 1, petrification resistance
a: no special abilities


You were on level 2 of the Dungeon.
You visited 1 branch of the dungeon, and saw 2 of its levels.

You collected 61 gold pieces.

Inventory:

Hand Weapons
 a - a +0 flail (weapon)
Armour
 b - a +0 scale mail (worn)
 c - a +0 kite shield (worn)
 f - a +0 cloak (worn)
Scrolls
 g - a scroll of noise {unknown}
 h - a scroll of immolation {unknown}
Potions
 d - a potion of might
 e - a potion of curing {unknown}
 i - a potion of invisibility {unknown}


   Skills:
 - Level 3.2 Fighting
 + Level 3.8 Maces & Flails
 - Level 3.2 Armour
 - Level 3.2 Shields


You had 2 spell levels left.
You didn't know any spells.
Your spell library contained the following spells:

 Spells                   Type           Power      Damage    Failure   Level
 Ensorcelled Hibernation  Hex/Ice        0%         N/A       100%        2
 Spider Form              Tmut/Pois      0%         N/A       100%        3
 Shadow Creatures         Summ           N/A        N/A       100%        6


Dungeon Overview and Level Annotations

Branches:
Dungeon (2/15)

Altars:


Innate Abilities, Weirdness & Mutations

You are immune to sickness and miasma.
Your stone body is resilient. (AC +3)
You are immune to poison.
You resist negative energy. (rN+)
You are resistant to electric shocks. (rElec)
You are resistant to unholy torment.
You are immune to petrification.


Message History

The gnoll shouts!
A gnoll comes into view. It is wielding a +0 club.
The gnoll shouts!
The gnoll barely misses you. The gnoll hits you but does no damage.
You thump the gnoll!
The gnoll is almost dead.
You block the gnoll's attack. The gnoll hits you with a +0 halberd!
You completely miss the gnoll.
The gnoll is almost dead.
The gnoll hits you with a +0 halberd.
You sock the gnoll!
You kill the gnoll!
You see here a +0 robe.
The gnoll hits you but does no damage.
There is a stone staircase leading up here.
You climb upwards.
There is a stone staircase leading down here.
You start resting.
HP restored.
You climb downwards.
The gnoll hits you but does no damage. The gnoll hits you with a +0 club.
You block the gnoll's attack.
There is a stone staircase leading up here.
You barely miss the gnoll. You block the gnoll's attack.
The gnoll hits you with a +0 flail.
You barely miss the gnoll. The gnoll hits you with a +0 club.
The gnoll hits you with a +0 flail.
* * * LOW HITPOINT WARNING * * *
The gnoll closely misses you. The gnoll hits you but does no damage.
You barely miss the gnoll. You block the gnoll's attack. x2
You thump the gnoll!
The gnoll is severely wounded.
You block the gnoll's attack. x2; The gnoll hits you with a +0 club.
* * * LOW HITPOINT WARNING * * *
You completely miss the gnoll.
The gnoll is severely wounded.
The gnoll hits you with a +0 flail.
* * * LOW HITPOINT WARNING * * *
The gnoll hits you with a +0 club.
You die...

#.##...# #....[.....##
####.##...####...........#######
...........)...#########.......#
##.###########.#########.......#
#. #.#...............# #
#.#.########..#####
#.#.#.........#
#.#g#.#...#...######
#.#@#.#...#.#....... .
#.#g#.#...#.#....... .###########
#.#...#.###.#....... .#.........#
#.#.≈....##.#...###. .........#.#
#.#.####....#.....'. ......##.#.#
#.#.≈8.#.≈..###..##. ......##.#.#
#.#≈#.≈##≈#≈.###.##.
......##†#.###...≈≈≈≈≈≈≈#.# #.##.
......##.#...#...≈#≈.≈.≈#≈###.##.


You could see 2 gnolls.

Vanquished Creatures
  An adder (D:2)
  A gnoll (D:2)
  2 dart slugs
  A bat (D:2)
  2 endoplasms (D:1)
  A giant cockroach (D:2)
  A goblin (D:1)
  2 quokkas
  2 ball pythons (D:1)
  5 frilled lizards
  2 kobolds
  A rat (D:2)
  A spectral goblin (D:2)
22 creatures vanquished.

Notes
Turn   | Place    | Note
-------+----------+-------------------------------------------
     0 | D:1      | MisterFreud the Gargoyle Fighter began the quest for the
                  | Orb.
     0 | D:1      | Reached XP level 1. HP: 14/14 MP: 1/1
   468 | D:1      | Reached XP level 2. HP: 16/19 MP: 2/2
  1083 | D:2      | Found a faded altar of an unknown god.
  1210 | D:2      | Reached XP level 3. HP: 19/23 MP: 3/3
  1764 | D:2      | HP: 1/23 [gnoll (2)]
  1764 | D:2      | Slain by a gnoll

Illustrated notes

Levels and vault maps discovered:
D:1:      minmay_arrival_arboretum_small, layout_loops_ring,
          chequers_serial_rivers_small_b
D:2:      layout_basic, basic_altar, dreamdust_ecumenical_altar_drowned_temple

Skill      XL: |  1  2 |
---------------+-------+-----
Maces & Flails | 3 |  3.8
Fighting       | |  3.2
Armour         | |  3.2
Shields        | |  3.2

Action                   || total
-------------------------++-------
Melee: Flail             ||    88
Armor: Scale mail        ||    43
Dodge: Dodged            ||    25
Block: Kite shield       ||    49
